 Dungeon Crawl Stone Soup version 0.25-a0-992-gca090100c3 (webtiles) character file.

Game seed: 3823118715786807592, levelgen mode: deterministic

483 Flugslaktarn the Cutter (level 6, -5/53 HPs)
             Began as a Minotaur Assassin on May 10, 2020.
             Was a Believer of Uskayaw.
             Slain by a centaur
             ... wielding a cursed -3 shortbow
              (6 damage)
             ... on level 5 of the Dungeon.
             The game lasted 00:01:13 (2007 turns).

Flugslaktarn the Cutter (Minotaur Assassin)         Turns: 2007, Time: 00:01:14

Health: -5/53      AC:  3    Str: 15    XL:     6   Next: 88%
Magic:  5/5        EV: 14    Int:  8    God:    Uskayaw [**....]
Gold:   45         SH:  0    Dex: 14    Spells: 5/5 levels left

rFire    . . .     SeeInvis .   a - +2 dagger
rCold    . . .     Gourm    .   (no shield)
rNeg     . . .     Faith    .   b - +0 robe
rPois    .         Spirit   .   (helmet restricted)
rElec    .         Reflect  .   c - +0 cloak
rCorr    +         Harm     .   (no gloves)
MR       +....                  (no boots)
Stlth    ++........             (no amulet)
HPRegen  0.17/turn              m - ring of protection from magic
MPRegen  0.09/turn              k - ring of resist corrosion

@: no status effects
A: retaliatory headbutt, horns 2
a: Stomp, Line Pass, Renounce Religion


You were on level 5 of the Dungeon.
You worshipped Uskayaw.
Uskayaw was noncommittal.
You were not hungry.

You visited 2 branches of the dungeon, and saw 6 of its levels.

You collected 45 gold pieces.

Inventory:

Hand Weapons
 a - a +2 dagger (weapon)
Missiles
 f - 2 curare-tipped darts (quivered)
Armour
 b - a +0 robe (worn)
 c - a +0 cloak (worn)
Jewellery
 k - a ring of resist corrosion (right hand)
   (You found it on level 4 of the Dungeon)
 m - a ring of protection from magic (left hand)
   (You found it on level 4 of the Dungeon)
Scrolls
 d - a scroll of remove curse {unknown}
 r - a scroll of identify
Potions
 h - a potion of invisibility {unknown}
 i - a potion of cancellation {unknown}
 q - a potion of curing
Comestibles
 e - 2 rations
 g - a chunk of flesh


   Skills:
 + Level 4.7 Fighting
 * Level 5.8 Short Blades
 - Level 2.0 Throwing
 + Level 3.7 Dodging
 - Level 3.5 Stealth
 + Level 1.1 Invocations


You had 5 spell levels left.
You didn't know any spells.
Your spell library was empty.

Dungeon Overview and Level Annotations

Branches:
Dungeon (5/15)             Temple (1/1) D:4

Altars:
Dithmenos
Fedhas
Gozag
Hepliaklqana
Makhleb
Okawaru
Qazlal
Sif Muna
Uskayaw
Wu Jian
Xom
Yredelemnul
Zin
The Shining One

Annotations:
D:5 Bvern's ghost, amateur OpTm


Innate Abilities, Weirdness & Mutations

You reflexively headbutt those who attack you in melee.
You have a pair of horns on your head.


Message History

You headbutt the centaur, but do no damage.
The centaur barely misses you.
You hit the centaur.
The centaur is lightly wounded.
The centaur hits you with a cursed -3 shortbow.
* * * LOW HITPOINT WARNING * * *
You hit the centaur.
The centaur is lightly wounded.
The centaur hits you with a cursed -3 shortbow!
* * * LOW HITPOINT WARNING * * *
You barely miss the centaur.
You headbutt the centaur, but do no damage.
The centaur is lightly wounded.
The centaur hits you with a cursed -3 shortbow.
* * * LOW HITPOINT WARNING * * *
You hit the centaur.
The centaur is moderately wounded.
Bvern's ghost says, "You can run, but you can't hide!"
The centaur hits you with a cursed -3 shortbow.
You die...

##### #...
####.###.#
......c@<#
.......###
.###...
##⌠##..
#..W##.
.....##
.%♣!.⌠#
.....##


You could see a centaur and Bvern's ghost.

Vanquished Creatures
  A sky beast (D:4)
  An ogre (D:5)
  A phantom (D:4)
  A scorpion (D:4)
  A howler monkey (D:4)
  A hound (D:4)
  A bullfrog skeleton (D:4)
  An iguana (D:4)
  4 adders
  2 leopard geckos
  2 giant cockroaches (D:4)
  2 goblins (D:1)
  A hobgoblin (D:3)
  3 jackals (D:4)
  A ball python (D:4)
  A kobold (D:3)
  2 rats (D:3)
26 creatures vanquished.

Vanquished Creatures (others)
  A quokka (D:4)
1 creature vanquished.

Grand Total: 27 creatures vanquished

Notes
Turn   | Place    | Note
-------+----------+-------------------------------------------
     0 | D:1      | Flugslaktarn the Minotaur Assassin began the quest for the
                  | Orb.
     0 | D:1      | Reached XP level 1. HP: 18/18 MP: 0/0
     2 | D:1      | Noticed a troll
     2 | D:1      | Noticed a tengu
     4 | D:1      | Noticed a human
     6 | D:1      | Noticed a centaur
     8 | D:1      | Noticed a demonspawn
    10 | D:1      | Noticed a dwarf
    10 | D:1      | Noticed a draconian
    12 | D:1      | Noticed a halfling
    12 | D:1      | Noticed a demigod
    15 | D:1      | Noticed an octopode
    17 | D:1      | Noticed a formicid
    17 | D:1      | Noticed a minotaur
    19 | D:1      | Noticed a naga
    19 | D:1      | Noticed an elf
    21 | D:1      | Noticed an ogre
    21 | D:1      | Noticed a felid
    23 | D:1      | Noticed a spriggan
    23 | D:1      | Noticed a vine stalker
    25 | D:1      | Noticed a merfolk
    25 | D:1      | Noticed a gargoyle
    27 | D:1      | Noticed a vampire
    27 | D:1      | Noticed a ghoul
    68 | D:2      | Reached XP level 2. HP: 25/25 MP: 1/1
   404 | D:4      | Found a shimmering altar of Xom.
   408 | D:4      | Reached skill level 3 in Short Blades
   408 | D:4      | Reached XP level 3. HP: 30/30 MP: 2/2
   448 | D:4      | Noticed a sky beast
   456 | D:4      | Killed a sky beast
   456 | D:4      | Reached skill level 4 in Short Blades
   456 | D:4      | Reached XP level 4. HP: 38/38 MP: 3/3
   488 | D:4      | Reached XP level 5. HP: 14/46 MP: 4/4
   725 | D:4      | Found a shadowy altar of Dithmenos.
   751 | D:4      | Noticed a phantom
  1044 | D:4      | Killed a phantom
  1044 | D:4      | Reached skill level 5 in Short Blades
  1182 | D:4      | Reached XP level 6. HP: 48/52 MP: 5/5
  1260 | D:4      | Found a glowing golden altar of the Shining One.
  1262 | D:4      | Noticed an angel
  1289 | D:4      | Found a staircase to the Ecumenical Temple.
  1329 | Temple   | Entered the Ecumenical Temple
  1650 | Temple   | Became a worshipper of Uskayaw the Reveler
  1695 | D:4      | Found a blossoming altar of Fedhas.
  1721 | D:4      | Found a basalt altar of Yredelemnul.
  1800 | D:4      | Reached * piety under Uskayaw
  1801 | D:4      | Reached ** piety under Uskayaw
  1809 | D:4      | Reached *** piety under Uskayaw
  1992 | D:5      | Entered Level 5 of the Dungeon
  1993 | D:5      | Noticed Bvern's ghost (amateur OpTm)
  2001 | D:5      | Reached skill level 1 in Invocations
  2006 | D:5      | HP: 1/53 [centaur/cursed -3 shortbow (4)]
  2007 | D:5      | Slain by a centaur

Illustrated notes

Levels and vault maps discovered:
D:1:      kb_arrival_jail, layout_loops_ring
D:2:      layout_basic, lemuel_crystal_altar, first_ration
D:3:      layout_basic
D:4:      layout_rooms, grunt_temple_overflow_holy_war, xom_butterflies,
          kennysheep_mini_moat, minmay_temple_entry_drinking_statues,
          nicolae_dithmenos_shadow_blocks
D:5:      layout_loops_corners, old_standard_altar, basic_altar,
          hellmonk_ghost_happy_afterlife, uniq_duvessa
Temple:   dpeg_chambers_temple

Skill      XL: |  1  2  3  4  5  6 |
---------------+-------------------+-----
Short Blades   | 3 4 5 |  5.8
Fighting       | 3 4 |  4.7
Dodging        | 2 3 |  3.7
Invocations    | 1 |  1.1
Throwing       | |  2.0
Stealth        | |  3.5

Action                   |  1- 3 |  4- 6 || total
-------------------------+-------+-------++-------
Melee: Dagger            |    21 |    96 ||   117
       Headbutt          |     1 |    21 ||    22
  Use: Scroll            |       |     4 ||     4
       Potion            |       |     1 ||     1
 Stab: Sleeping          |     2 |       ||     2
       Paralysed         |       |     1 ||     1
  Eat: Chunk             |       |     3 ||     3
Armor: Robe              |     3 |     5 ||     8
Dodge: Dodged            |    12 |    54 ||    66

Table legend:
 A = Non-vault XP
 B = Vault XP
 C = Vault XP percentage of total XP
 D = Non-vault monster count
 E = Vault monster count
 F = Vault count percentage of total count
                 A         B        C        D         E       F
            +---------+---------+-------+---------+---------+-------
      Total |     691 |       0 |   0.0 |      26 |       0 |   0.0
            +---------+---------+-------+---------+---------+-------
        D:1 |       4 |       0 |   0.0 |       2 |       0 |   0.0
        D:2 |      13 |       0 |   0.0 |       1 |       0 |   0.0
        D:3 |      22 |       0 |   0.0 |       6 |       0 |   0.0
        D:4 |     531 |       0 |   0.0 |      16 |       0 |   0.0
        D:5 |     121 |       0 |   0.0 |       1 |       0 |   0.0
            +---------+---------+-------+---------+---------+-------
